 Dungeon Crawl Stone Soup version 0.22-a0-149-g870e420 (webtiles) character file.

45 KristoblXynda the Slasher (level 3, 0/21 HPs)
             Began as a Tengu Gladiator on Feb 7, 2018.
             Slain by a worm (8 damage)
             ... on level 2 of the Dungeon.
             The game lasted 00:01:23 (1627 turns).

KristoblXynda the Slasher (Tengu Gladiator)         Turns: 1627, Time: 00:01:24

Health: 0/21       AC:  5    Str: 15    XL:     3   Next: 64%
Magic:  4/4        EV: 12    Int:  8    God:
Gold:   99         SH:  0    Dex: 15    Spells: 2/2 levels left

rFire    . . .     SeeInvis .   a - +0 long sword
rCold    . . .     Gourm    .   (no shield)
rNeg     . . .     Faith    .   k - +0 ring mail
rPois    .         Spirit   .   c - +0 hat
rElec    .         Reflect  .   (no cloak)
rCorr    .         Harm     .   (no gloves)
MR       .....                  (boots unavailable)
Stlth    +.........             (no amulet)
HPRegen  0.07/turn              (no ring)
MPRegen  0.09/turn              (no ring)

@: no status effects
A: beak, talons 3
a: no special abilities


You were on level 2 of the Dungeon.
You were very hungry.

You visited 1 branch of the dungeon, and saw 2 of its levels.

You collected 99 gold pieces.

Inventory:

Hand Weapons
 a - a +0 long sword (weapon)
Missiles
 d - 3 throwing nets (quivered)
Armour
 c - a +0 hat (worn)
 k - a +0 ring mail (worn)
Jewellery
 m - an uncursed ring of fire {unknown}
Scrolls
 b - 2 scrolls of immolation {unknown}
 e - 2 scrolls of teleportation {unknown}
 g - 5 scrolls of identify {unknown}
 h - a scroll of amnesia {unknown}
 i - 2 scrolls of fear {unknown}
 o - a scroll of magic mapping {unknown}
 p - a scroll of fog {unknown}
 q - a scroll of remove curse {unknown}
 r - a scroll of enchant armour {unknown}
Potions
 j - a potion of might {unknown}
 l - 2 potions of degeneration {unknown}
 n - a potion of curing {unknown}
Comestibles
 f - 8 rations


   Skills:
 - Level 2.0 Fighting
 * Level 4.3 Long Blades
 - Level 2.0 Throwing
 + Level 1.0 Armour
 + Level 3.8 Dodging


You had 2 spell levels left.
You didn't know any spells.

Dungeon Overview and Level Annotations

Branches:
Dungeon (2/15)

Altars:
Trog


Innate Abilities, Weirdness & Mutations

You have a beak for a mouth.
You have claws for feet.


Message History

The worm is severely wounded.
The worm barely misses you.
You riposte.
You slash the worm!
You kill the worm!
Your Armour skill increases to level 1!
The rat closely misses you. The worm closely misses you.
The rat closely misses you.
You riposte.
You barely miss the rat. You claw the rat. You peck the rat.
The rat is severely wounded.
You see here a rat corpse.
The rat bites you but does no damage. The worm bites you!
Ouch! That really hurt!
The rat misses you.
You riposte.
You closely miss the rat.
You kill the rat!
The worm barely misses you.
You riposte.
You hit the worm. Your kick misses the worm. You peck the worm.
The worm is moderately wounded.
You hit the worm.
The worm is moderately wounded.
The worm bites you!
You die...

#.#.########.#.######. ##
#.#+###........>......
#....##.....##.######.
#....++.....'#......#
#....##.....#######.#
#....'.....###.).####
##[..###..##).....)##
#........##...._...)#
..(......##....w@...##
.........#....###....#
.........#..†##y##...############
.....†...#....###....##..........
.........#...........##.#########
.........##.........###.#........
..#'########.......####'#.#######
..#.###########'####......#
..#.......# #.##........#


You could see a moth of wrath and a worm (berserk).

Vanquished Creatures
  2 adders (D:2)
  2 worms (D:2)
  A bat (D:1)
  2 giant cockroaches
  2 hobgoblins
  A frilled lizard (D:2)
  3 kobolds
  13 rats
26 creatures vanquished.

Notes
Turn   | Place    | Note
-------+----------+-------------------------------------------
     0 | D:1      | KristoblXynda the Tengu Gladiator began the quest for the Orb.
     0 | D:1      | Reached XP level 1. HP: 12/12 MP: 2/2
   467 | D:1      | Reached XP level 2. HP: 10/17 MP: 3/3
   928 | D:2      | Reached skill level 4 in Long Blades
   932 | D:2      | Reached XP level 3. HP: 21/21 MP: 4/4
  1609 | D:2      | Noticed a moth of wrath
  1611 | D:2      | Found a bloodstained altar of Trog.
  1619 | D:2      | Reached skill level 1 in Armour
  1627 | D:2      | Slain by a worm

Vault maps used:
D:1:      dpeg_arrival_ratfight
D:2:      cheibrodos_helix_gallery, tgw_trog

Skill      XL: |  1  2  3 |
---------------+----------+-----
Long Blades    | 4 |  4.3
Armour         | 1 |  1.0
Fighting       | |  2.0
Throwing       | |  2.0
Dodging        | |  3.8

Action                   || total
-------------------------++-------
Melee: Long sword        ||    38
       Kick              ||    11
       Peck              ||     9
  Eat: Chunk             ||     1
Armor: Leather armour    ||     8
       Ring mail         ||    10
Dodge: Dodged            ||    32
       Rpst.: Long sword ||    14

Table legend:
 A = Spawn XP
 B = Non-spawn XP
 C = Spawn XP percentage of total XP
 D = Spawn monster count
 E = Non-spawn monster count
 F = Spawn count percentage of total count
 G = Total turns spent on level
                    A         B        C        D         E        F      G
               +---------+---------+-------+---------+---------+-------+---------
         Total |       0 |      65 |   0.0 |       0 |      26 |   0.0 |  1627
               +---------+---------+-------+---------+---------+-------+---------
           D:1 |       0 |      16 |   0.0 |       0 |      12 |   0.0 |   897
           D:2 |       0 |      49 |   0.0 |       0 |      14 |   0.0 |   730
               +---------+---------+-------+---------+---------+-------+---------
